 Dungeon Crawl Stone Soup version 0.31.0-11-ge490571c62 (webtiles) character file.

Game seed: 18337500187837320466

73 qw the Shooter (level 4, 0/22 HPs)
             Began as a Spriggan Hunter on Feb 5, 2024.
             Slain by Grinder (1 damage)
             ... on level 3 of the Dungeon.
             The game lasted 00:00:34 (1584 turns).

qw the Shooter (Spriggan Hunter)                    Turns: 1584, Time: 00:00:35

Health: 0/22       AC:  2    Str:  7    XL:     4   Next: 8%
Magic:  5/5        EV: 19    Int: 10    God:
Gold:   101        SH:  0    Dex: 20    Spells: 3/3 levels left

rFire   + . .        a - +1 shortbow
rCold   . . .        (shield currently unavailable)
rNeg    . . .        c - +0 robe
rPois   .            (helmet restricted)
rElec   .            (no cloak)
rCorr   .            (gloves unavailable)
SInv    +            (boots unavailable)
Will    .....        (no amulet)
Stlth   ++           e - ring of protection from fire
HPRegen 0.23/turn    (no ring)
MPRegen 0.09/turn

%: no passive effects
@: very quick
A: very small, no large weapons, unfitting armour, see invisible, speed 3
a: no special abilities


You were on level 3 of the Dungeon.
You visited 1 branch of the dungeon, and saw 3 of its levels.

You collected 101 gold pieces.


Innate Abilities, Weirdness & Mutations

You are very small and have problems with some larger weapons.
You are too small for most types of armour.
You have supernaturally acute eyesight. (SInv)
You cover ground extremely quickly. (Speed+++)


   Skills:
 - Level 1.5 Fighting
 - Level 5.0 Ranged Weapons
 + Level 4.4 Dodging
 - Level 1.5 Stealth


You had 3 spell levels left.
You didn't know any spells.
Your spell library was empty.

Inventory:

Hand Weapons
 a - a +1 shortbow (weapon)
Armour
 c - a +0 robe (worn)
Jewellery
 e - a ring of protection from fire (left hand)
Scrolls
 b - a scroll of poison {unknown}
 f - a scroll of identify
 g - 2 scrolls of enchant armour
 h - a scroll of vulnerability {unknown}
Potions
 d - 2 potions of curing

Dungeon Overview and Level Annotations

Branches:
Dungeon (3/15)

Altars:

Annotations:
D:3 Grinder


Message History

You see here a +0 chain mail.
Found a stone staircase leading down.
There is a stone staircase leading down here.
There is a stone staircase leading down here.
Things that are here:
a +0 sling; a +0 club You hear the rusting of a very distant drain.
There is an open door here.
Enter note:
Enter note: You shoot an arrow.
Grinder shouts!
The arrow hits Grinder.
Grinder is heavily wounded.
You hear a shout!
Grinder blinks!
You shoot an arrow. The arrow barely misses Grinder.
You shoot an arrow. The arrow closely misses Grinder.
Grinder blinks!
You shoot an arrow. The arrow hits Grinder.
Grinder is heavily wounded.
You shoot an arrow. The arrow barely misses Grinder.
You shoot an arrow. The arrow hits Grinder.
Grinder is severely wounded.
Grinder gestures at you.
You suddenly lose the ability to move!
Grinder hits you!
You writhe in agony.
Grinder barely misses you.
An orc comes into view. It is wielding a +0 flail.
Grinder gestures at you. Pain shoots through your body!
You can move again.
You shoot an arrow. The orc shouts!
The arrow hits Grinder.
Grinder is severely wounded.
You hear a shout!
Grinder hits you.
You die...
Grinder says, "Hey, I wasn't done torturing you yet!"

# ##.#
###...############
......5@.........#
o##.....########.#
#.....# #.#
.....#.## #.#
.###.#.# ##.## <.
##+#.# ##...#
..##..[.# #..#.#
.)......## #....#
##.......##
##.####


You could see Grinder and an orc.

Vanquished Creatures
  2 adders
  2 dart slugs
  3 ball pythons
  4 endoplasms
  4 giant cockroaches
  4 goblins
  3 hobgoblins
  3 jackals (D:2)
  3 kobolds
  2 quokkas (D:2)
  3 bats
  2 frilled lizards
  15 rats
50 creatures vanquished.

Notes
Turn   | Place    | Note
-------+----------+-------------------------------------------
     0 | D:1      | qw the Spriggan Hunter began the quest for the Orb.
     0 | D:1      | Reached XP level 1. HP: 10/10 MP: 2/2
     0 | D:1      | 0 ||| qw: Version: 0.3-a-160-g6735b56
     0 | D:1      | 0 ||| qw: Game counter: 6550
     0 | D:1      | 0 ||| qw: Melee chars always use a shield: true
     0 | D:1      | 0 ||| qw: God list: Okawaru
     0 | D:1      | 0 ||| qw: Allow faded altars: false
     0 | D:1      | 0 ||| qw: Do Orc after clearing Dungeon:15 true
     0 | D:1      | 0 ||| qw: Do second Lair branch before Depths: true
     0 | D:1      | 0 ||| qw: Lair rune preference: random
     0 | D:1      | 0 ||| qw: Goals: Normal
     0 | D:1      | 0 ||| PLANNING D:1-11
    80 | D:1      | Reached skill level 3 in Dodging
   203 | D:1      | Reached XP level 2. HP: 14/14 MP: 3/3
   804 | D:1      | 804 ||| UPGRADING to ring of protection from fire.
   805 | D:1      | 805 ||| READING 6 scrolls labelled DECIWA BALASMU.
   805 | D:1      | 805 ||| IDENTIFYING viscous green potion
   806 | D:1      | 806 ||| READING 5 scrolls of identify.
   806 | D:1      | 806 ||| IDENTIFYING 2 murky sapphire potions
   807 | D:1      | 807 ||| READING 4 scrolls of identify.
   807 | D:1      | 807 ||| IDENTIFYING scroll labelled YDESMEWEI
   808 | D:1      | 808 ||| READING scroll of enchant weapon.
   808 | D:1      | 808 ||| ENCHANTING +0 shortbow.
   809 | D:1      | 809 ||| READING 3 scrolls of identify.
   809 | D:1      | 809 ||| IDENTIFYING 2 scrolls labelled COCAJA MUTIMNOT
   810 | D:1      | 810 ||| DROPPING scroll of butterflies.
   811 | D:1      | 811 ||| DROPPING potion of brilliance.
   860 | D:2      | Reached XP level 3. HP: 18/18 MP: 4/4
  1145 | D:2      | 1145 ||| FLEEEEING.
  1146 | D:2      | 1146 ||| FLEEEEING.
  1147 | D:2      | 1147 ||| FLEEEEING.
  1148 | D:2      | 1148 ||| FLEEEEING.
  1149 | D:2      | 1149 ||| FLEEEEING.
  1150 | D:2      | 1150 ||| FLEEEEING.
  1151 | D:2      | 1151 ||| FLEEEEING.
  1156 | D:2      | Reached skill level 5 in Ranged Weapons
  1227 | D:2      | 1227 ||| READING 2 scrolls of identify.
  1227 | D:2      | 1227 ||| IDENTIFYING scroll labelled YTAPRI NYADAOCW
  1228 | D:2      | 1228 ||| READING scroll of identify.
  1228 | D:2      | 1228 ||| IDENTIFYING scroll labelled FUJING YTHROPS
  1229 | D:2      | 1229 ||| READING 2 scrolls labelled BUARUM QOQUKUSH.
  1234 | D:2      | 1234 ||| DROPPING scroll of blinking.
  1235 | D:2      | 1235 ||| DROPPING scroll of noise.
  1242 | D:3      | 1242 ||| PLANNING SEWER
  1283 | D:3      | Noticed Grinder
  1290 | D:3      | HP: 4/18 [Grinder (5)]
  1291 | D:3      | 1291 ||| READING scroll of teleportation.
  1291 | D:3      | Paralysed by Grinder for 3 turns
  1295 | D:3      | HP: 4/18 [bat (1)]
  1416 | D:3      | Reached XP level 4. HP: 22/22 MP: 5/5
  1580 | D:3      | Paralysed by Grinder for 4 turns
  1583 | D:3      | HP: 1/22 [Grinder/nerve-wracking pain (9)]
  1584 | D:3      | Slain by Grinder

Levels and vault maps discovered:
D:1:      dpeg_arrival_oval, layout_loops_ring, skrybe_limestone_x,
          serial_bayou_pond_e, kennysheep_another_room, chequers_mini_garden,
          minmay_rat_gold_closets
D:2:      layout_rooms
D:3:      layout_loops_corners, lightli_sewer_entry_pipes, uniq_grinder

Skill      XL: |  1  2  3 |
---------------+----------+-----
Dodging        | 3 4 |  4.4
Ranged Weapons | 5 |  5.0
Fighting       | |  1.5
Stealth        | |  1.5

Action                     |  1- 3 |  4- 6 || total
---------------------------+-------+-------++-------
   Fire: Shortbow          |   112 |    10 ||   122
    Use: Scroll            |     9 |       ||     9
 Armour: Robe              |     9 |     3 ||    12
  Dodge: Dodged            |    17 |     1 ||    18

Table legend:
 A = Non-vault XP
 B = Vault XP
 C = Vault XP percentage of total XP
 D = Non-vault monster count
 E = Vault monster count
 F = Vault count percentage of total count
                 A         B        C        D         E       F
            +---------+---------+-------+---------+---------+-------
      Total |      96 |       9 |   8.6 |      41 |       9 |  18.0
            +---------+---------+-------+---------+---------+-------
        D:1 |      29 |       9 |  23.7 |      15 |       9 |  37.5
        D:2 |      48 |       0 |   0.0 |      21 |       0 |   0.0
        D:3 |      19 |       0 |   0.0 |       5 |       0 |   0.0
            +---------+---------+-------+---------+---------+-------
